AoeStats
← Chris

Arabia

510458647Analyzed
2v2 RM · 1d ago on Oct 1, 2026· 28m 27s· 4 players
Game mode
Random Map
Map size
Medium (4 player)
Population
200
Speed
Normal
Resources
Standard
Victory
Conquest
Starting age
Dark Age
Ending age
Imperial Age
RankedLock teamsTeams togetherTeam positionsShared explorationLock speedFull tech treeHidden civsTurbo modeCheats
Victory
Defeat
🇺🇸 Armenians · United States
1070
+12
🇲🇽 Portuguese · Mexico
1028
+14
🇧🇴 Mongols · Bolivia
987
-13
🇧🇴 Saracens · Bolivia
986
-13
BarbarianDave117
9:48 Feudal Age
8:03 Loom
11:39 Feudal Age
16:46 Castle Age
14:50 Double-Bit Axe
15:41 Gold Mining
16:08 Stone Mining
18:24 Forging
18:55 Fletching
21:07 Bodkin Arrow
21:50 Town Watch
27:20 Bow Saw
27:01 Horse Collar
Chris
2:56 Loom
9:42 Feudal Age
9:48 Man-at-Arms
11:08 Long Swordsman
22:05 Double-Bit Axe
23:41 Fletching
28:02 Pikeman
Deepj24
4:24 Loom
9:26 Feudal Age
10:52 Double-Bit Axe
21:29 Padded Archer Armor
27:16 Bloodlines
bernomen
11:40 Feudal Age
12:07 Double-Bit Axe
14:32 Horse Collar
20:09 Castle Age
18:51 Stone Mining
19:38 Fletching
21:38 Heavy Plow
24:02 Bodkin Arrow
24:49 Crossbowman
27:10 Husbandry
28:16 Gold Mining
Connection lost

Rejoining the realm…

Still unreachable

The connection could not be restored.

Session expired

The server has moved on; the page needs a fresh start.